Map: Acropolis LE

Players

ShoWTimE - Winner!

  • Race: Protoss Protoss
  • Spawn Location: 11:00

SpeCial

  • Race: Terran Terran
  • Spawn Location: 5:00

Event: 2019 WCS Global FInals

VOD

Have the link to the VOD?

Description

Time

  • Played on: Oct. 24, 2019, 4:23 a.m.
  • Length: 16:23

All games in this series

Show
View Real Time Build Order
Export as new Build Order

ShoWTimE Protoss - Winner!

Build Orders: 1 Gate Expand, Phoenix Opening 

Get SALT Encoding   

  12  0:00  Probe  
  13  0:12  Probe  
  14  0:18  Pylon  
  14  0:24  Probe  
  15  0:36  Probe (Chrono Boost)  
  15  0:38  Gateway  
  16  0:46  Assimilator, Probe (Chrono Boost)  
  17  0:51  Probe (Chrono Boost)  
  18  1:03  Probe  
  19  1:15  Probe  
  20  1:24  Nexus  
  20  1:34  Cybernetics Core  
  20  1:37  Probe  
  21  1:43  Assimilator  
  21  1:49  Probe  
  21  1:52  Pylon  
  22  2:01  Probe  
  23  2:08  Adept (Chrono Boost)  
  23  2:13  Probe  
  26  2:16  Stargate  
  26  2:23  Warp Gate  
  26  2:25  Probe (Chrono Boost)  
  26  2:28  Adept (Chrono Boost)  
  27  2:36  Probe (Chrono Boost)  
  30  2:43  Probe (Chrono Boost)  
  31  2:46  Probe (Chrono Boost)  
  31  2:50  Probe (Chrono Boost)  
  31  2:51  Probe (Chrono Boost)  
  34  2:59  Phoenix  
  34  3:01  Probe  
  34  3:03  Probe  
  34  3:04  Pylon  
  38  3:15  Probe (Chrono Boost)  
  38  3:18  Probe (Chrono Boost)  
  40  3:24  Phoenix  
  40  3:25  Probe (Chrono Boost)  
  44  3:28  Probe (Chrono Boost)  
  44  3:30  Probe (Chrono Boost)  
  45  3:38  Probe  
  46  3:41  Probe  
  46  3:47  Nexus  
  47  3:49  Phoenix (Chrono Boost)  
  47  3:52  Pylon, Probe  
  47  3:53  Probe  
  51  4:04  Probe  
  51  4:05  Probe  
  53  4:11  Phoenix (Chrono Boost)  
  53  4:12  Gateway  
  53  4:13  Gateway  
  53  4:16  Probe  
  56  4:17  Probe  
  57  4:28  Pylon  
  57  4:29  Assimilator x2, Probe  
  57  4:30  Probe  
  59  4:35  Stalker  
  59  4:36  Pylon  
  61  4:41  Probe  
  62  4:46  Probe  
  62  4:49  Twilight Council, Forge  
  63  4:53  Probe  
  63  4:58  Probe  
  65  5:04  Charge (Chrono Boost)  
  65  5:05  Probe  
  65  5:06  Sentry  
  68  5:10  Probe  
  68  5:11  Gateway x2  
  69  5:15  Protoss Ground Armor Level 1 (Chrono Boost), Gateway  
  69  5:17  Probe  
  69  5:19  Gateway, Probe  
  69  5:21  Gateway  
  71  5:26  Pylon  
  71  5:32  Probe x3  
  74  5:37  Sentry  
  74  5:38  Pylon  
  76  5:44  Probe x2  
  76  5:46  Pylon  
  76  5:49  Oracle  
  81  5:51  Zealot x2  
  86  5:57  Probe x3  
  86  6:00  Robotics Facility  
  88  6:11  Zealot x5  
  88  6:12  Zealot  
  88  6:14  Pylon  
  88  6:15  Probe x3  
  88  6:17  Zealot  
  105  6:18  Zealot  
  105  6:23  Pylon  
  107  6:26  Photon Cannon  
  107  6:28  Templar Archives  
  107  6:33  Assimilator, Pylon  
  107  6:35  Assimilator  
  107  6:42  Pylon  
  107  6:49  Observer (Chrono Boost)  
  107  6:50  Zealot x7  
  122  6:57  Blink (Chrono Boost)  
  122  6:58  Zealot  
  122  7:03  Pylon  
  122  7:07  Shield Battery  
  122  7:09  Observer  
  122  7:12  Protoss Ground Armor Level 2 (Chrono Boost), Robotics Bay  
  122  7:13  Robotics Facility  
  122  7:14  Probe  
  124  7:16  Pylon  
  124  7:24  Stalker x3, Pylon  
  130  7:34  Stalker x3  
  130  7:36  Probe  
  138  7:38  Photon Cannon  
  136  7:48  Pylon  
  136  7:49  Stalker x3  
  140  7:58  Disruptor (Chrono Boost)  
  138  7:59  Disruptor (Chrono Boost)  
  138  8:03  Zealot x4  
  140  8:14  Zealot x4  
  126  8:20  Observer  
  126  8:24  Zealot x4  
  123  8:27  Disruptor (Chrono Boost)  
  113  8:37  Zealot  
  113  8:38  Disruptor (Chrono Boost), Zealot x3  
  124  8:42  Assimilator  
  124  8:48  Nexus  
  124  8:50  Pylon  
  124  8:58  Disruptor (Chrono Boost), High Templar x2  
  124  8:59  Probe x3  
  132  9:03  Archon, High Templar x2  
  132  9:05  Zealot x2  
  138  9:10  Disruptor (Chrono Boost)  
  138  9:11  Probe x2, Archon  
  143  9:17  Forge  
  143  9:28  Observer  
  137  9:39  Stalker x6  
  137  9:40  Stalker  
  137  9:43  Stalker  
  151  9:45  Probe x2  
  151  9:46  Probe  
  151  9:49  Protoss Ground Weapons Level 1 (Chrono Boost)  
  154  9:56  Observer, Warp Prism  
  154  9:57  Probe  
  154  9:59  Probe x2  
  157  10:01  Probe  
  157  10:06  Protoss Ground Armor Level 3 (Chrono Boost)  
  155  10:16  Assimilator  
  155  10:18  Assimilator  
  155  10:20  Zealot x7  
  168  10:32  Disruptor (Chrono Boost)  
  169  10:40  Dark Shrine  
  169  10:45  Gateway  
  169  10:46  Gateway  
  169  10:47  Photon Cannon, Disruptor (Chrono Boost)  
  169  10:48  Gateway  
  169  10:49  Zealot x2  
  176  10:53  Zealot x3  
  169  11:02  Zealot x3  
  162  11:21  Nexus  
  162  11:22  Pylon  
  162  11:24  Pylon  
  158  11:31  Zealot x2  
  158  11:32  Zealot x4  
  162  11:40  Pylon  
  128  12:02  Stalker x8  
  137  12:09  Disruptor  
  137  12:12  Disruptor  
  139  12:25  Zealot x4  
  139  12:28  Dark Templar  
  145  12:31  Dark Templar  
  145  12:45  Disruptor  
  148  12:52  Probe x2  
  148  12:53  High Templar x5  
  148  12:54  High Templar  
  148  12:55  Disruptor  
  165  12:59  Assimilator  
  165  13:00  Protoss Ground Weapons Level 2 (Chrono Boost)  
  165  13:01  Archon  
  165  13:02  Archon x2  
  165  13:03  Assimilator  
  163  13:06  Probe x2  
  163  13:07  Pylon  
  163  13:11  Nexus  
  165  13:19  Zealot x2  
  155  13:28  Disruptor (Chrono Boost)  
  155  13:30  Disruptor (Chrono Boost)  
  157  13:35  Zealot x6  
  157  13:50  Probe x3  
  157  13:54  Pylon  
  157  13:55  Disruptor (Chrono Boost)  
  160  13:56  Disruptor  
  166  14:08  Pylon  
  164  14:11  Zealot x7  
  164  14:14  Probe, Protoss Shields Level 1 (Chrono Boost)  
  164  14:15  Probe  
  176  14:29  Stalker, Disruptor  
  166  14:34  Dark Templar x2  
  160  14:38  Stalker  
  160  14:42  Dark Templar  
  158  14:47  Stalker  
  158  14:50  Stalker  
  160  14:55  Stalker  
  153  15:04  Dark Templar  
  155  15:07  Dark Templar  
  155  15:11  Warp Prism  
  157  15:15  Probe x2  
  157  15:16  Probe  
  160  15:27  Zealot x3  
  160  15:28  Zealot x2  
  162  15:40  Dark Templar x3  
  165  15:48  Assimilator, Archon  
  165  15:51  Disruptor x2 (Chrono Boost)  
  165  15:52  Assimilator  
  146  16:11  Zealot  
  146  16:12  Zealot x4  
Show
View Real Time Build Order
Export as new Build Order

SpeCial Terran 

Build Orders:  

Get SALT Encoding   

  12  0:00  SCV  
  13  0:12  SCV  
  14  0:17  Supply Depot  
  14  0:24  SCV  
  15  0:39  SCV  
  15  0:40  Barracks  
  16  0:43  Refinery  
  16  0:51  SCV  
  17  1:03  SCV  
  18  1:15  SCV  
  19  1:28  Orbital Command  
  20  1:38  Reaper  
  20  1:41  Command Center  
  20  1:49  Supply Depot  
  20  1:53  SCV  
  21  2:03  Factory  
  21  2:06  SCV  
  22  2:11  Marine  
  23  2:17  Bunker  
  23  2:19  SCV  
  24  2:28  Refinery  
  24  2:29  Barracks Reactor  
  24  2:31  SCV  
  25  2:43  SCV  
  26  2:49  Hellion  
  28  2:55  SCV, Orbital Command  
  28  2:58  Starport  
  29  3:06  Marine x2  
  29  3:09  SCV  
  34  3:13  Widow Mine  
  34  3:20  SCV  
  34  3:21  SCV  
  34  3:24  Marine  
  34  3:25  Marine  
  38  3:32  SCV  
  38  3:33  SCV  
  40  3:36  Starport Tech Lab  
  40  3:41  Marine  
  40  3:43  Marine  
  40  3:45  SCV  
  43  3:51  Supply Depot  
  43  3:54  SCV  
  44  3:55  Raven  
  44  3:58  Barracks  
  44  4:02  Supply Depot, Factory Tech Lab  
  46  4:09  Barracks  
  46  4:12  Marine x2, SCV x2  
  50  4:17  Supply Depot  
  48  4:24  SCV x2  
  48  4:27  Engineering Bay  
  48  4:30  Marine x2  
  52  4:36  SCV  
  52  4:37  Widow Mine, SCV  
  56  4:49  SCV x2  
  55  5:00  Terran Infantry Weapons Level 1  
  55  5:01  SCV x2  
  55  5:03  Marine x3  
  55  5:04  Factory Reactor, Stimpack  
  55  5:05  Starport Reactor  
  60  5:10  Refinery  
  60  5:13  SCV x2  
  62  5:14  Combat Shield, Marine  
  62  5:21  Supply Depot, Marine x2  
  65  5:23  Marauder  
  65  5:25  SCV x2  
  69  5:37  SCV  
  69  5:38  Supply Depot  
  69  5:40  Command Center  
  70  5:43  Marauder  
  70  5:46  Marine x2  
  70  5:47  Medivac  
  70  5:48  Medivac  
  77  5:53  Refinery  
  77  6:00  Widow Mine x2, SCV x2, Marauder  
  77  6:03  Supply Depot  
  85  6:06  Supply Depot  
  84  6:12  SCV x2  
  86  6:24  Medivac, Marine, SCV  
  86  6:25  Marauder x2  
  94  6:28  Widow Mine x2, Marine, SCV  
  94  6:29  Missile Turret  
  94  6:31  Supply Depot  
  100  6:36  SCV  
  101  6:40  Concussive Shells  
  101  6:42  Marine  
  102  6:48  Supply Depot  
  102  6:51  Marine  
  102  6:52  Marauder x2  
  107  6:56  Widow Mine x2  
  107  7:00  Marine, Orbital Command  
  112  7:02  Medivac  
  112  7:07  SCV x2  
  116  7:09  Marine, Missile Turret  
  116  7:13  Medivac, Marauder x2  
  123  7:17  Widow Mine, Marine  
  126  7:27  Marine  
  126  7:28  SCV x2  
  126  7:29  SCV  
  130  7:35  Marine, Marauder  
  133  7:39  Supply Depot  
  133  7:54  Marine  
  132  7:59  Marine  
  132  8:00  SCV  
  132  8:01  Widow Mine x2, Missile Turret, SCV, Marauder  
  132  8:02  Marauder  
  141  8:11  Supply Depot x2  
  141  8:12  Marine  
  126  8:17  Marine  
  112  8:22  Widow Mine x2, Terran Infantry Armor Level 1, Marauder  
  112  8:25  SCV x2  
  114  8:32  Marine  
  114  8:33  Marauder  
  108  8:35  Marine  
  108  8:37  SCV x2  
  106  8:41  Orbital Command  
  106  8:47  Orbital Command  
  105  8:49  SCV  
  105  8:51  Barracks x2  
  105  8:53  SCV  
  105  8:54  Marine x2  
  111  8:55  Marauder  
  111  8:59  Marauder  
  111  9:01  SCV  
  113  9:05  SCV  
  114  9:12  Marine x2  
  114  9:13  SCV  
  119  9:17  SCV, Marauder  
  119  9:18  SCV  
  119  9:20  Marauder  
  117  9:25  Medivac, SCV  
  117  9:26  Medivac  
  117  9:30  Marine x2, SCV  
  117  9:31  SCV  
  124  9:37  SCV  
  124  9:38  Marauder  
  121  9:41  Liberator, Marauder  
  121  9:42  Marine x2, SCV  
  121  9:43  Barracks Tech Lab, SCV  
  127  9:47  Supply Depot  
  127  9:48  Marine x2  
  127  9:49  SCV  
  127  9:52  Armory  
  130  9:53  Engineering Bay, Command Center  
  130  9:54  SCV  
  130  9:57  Widow Mine  
  130  9:59  Marauder  
  130  10:00  Marine  
  130  10:03  Marauder  
  130  10:11  Marauder  
  130  10:12  Medivac  
  133  10:17  Refinery  
  133  10:18  Widow Mine, Refinery  
  133  10:20  Marine x2  
  133  10:21  Missile Turret, Marauder  
  139  10:22  Marine x2  
  139  10:24  Marauder  
  143  10:29  Supply Depot  
  143  10:33  Marauder  
  144  10:38  Marine x2  
  144  10:39  Widow Mine, SCV x3  
  144  10:40  Marine x2  
  144  10:42  Ghost Academy, Marauder  
  155  10:44  Medivac  
  158  10:50  Marauder  
  158  10:54  Marine  
  155  10:59  Marine  
  155  11:02  Marine x2  
  155  11:03  Widow Mine, Marine  
  155  11:04  Marauder  
  151  11:11  Marauder  
  151  11:12  Marauder  
  151  11:13  SCV x2  
  151  11:15  Orbital Command  
  151  11:17  Marine  
  154  11:20  Marine  
  154  11:22  Planetary Fortress  
  154  11:25  Marauder  
  151  11:33  Marauder  
  151  11:34  Marine  
  151  11:35  Marauder  
  149  11:46  Marauder  
  133  11:49  SCV x3  
  133  11:50  Marine  
  137  11:54  Marauder  
  137  11:55  Terran Infantry Weapons Level 2  
  119  12:01  Marine  
  119  12:02  Marauder  
  119  12:06  Marine x2  
  119  12:08  Marauder  
  109  12:12  Marine  
  110  12:15  Marauder  
  110  12:19  Widow Mine, Marine  
  113  12:23  Marauder  
  113  12:27  Marine  
  113  12:29  Marauder  
  118  12:30  Orbital Command  
  118  12:33  Marine  
  119  12:37  Marauder  
  119  12:39  Marine  
  119  12:41  Widow Mine  
  120  12:44  Liberator  
  120  12:45  Marauder  
  120  12:51  Marauder  
  120  12:52  Marine x2  
  120  12:53  SCV  
  120  12:57  Marine x2  
  127  12:58  Marauder  
  127  13:01  Medivac  
  127  13:02  Widow Mine  
  134  13:06  Marauder  
  134  13:07  Missile Turret  
  134  13:09  Marine  
  134  13:10  Enhanced Shockwaves  
  134  13:11  Ghost  
  138  13:14  Marine x2  
  138  13:15  Marine  
  138  13:19  Ghost  
  135  13:27  Marine  
  134  13:37  Marine  
  134  13:40  Terran Infantry Armor Level 2, Marauder  
  134  13:41  Widow Mine  
  133  13:42  Marine x2  
  133  13:45  SCV x3, Marauder  
  140  13:49  Marine, Marauder  
  140  13:54  Sensor Tower  
  143  13:55  Marine  
  143  14:00  Marine x2  
  144  14:06  Marine  
  144  14:07  Widow Mine, Marauder  
  144  14:08  Medivac  
  144  14:09  Medivac  
  151  14:10  Marauder  
  151  14:16  Marine  
  150  14:17  Marine  
  150  14:18  Marine  
  150  14:20  Marine  
  147  14:25  Marauder  
  147  14:28  Marauder  
  140  14:31  Marine  
  140  14:36  Marine  
  140  14:37  Marine  
  142  14:40  Marine  
  142  14:41  Marine  
  136  14:46  Marauder, Orbital Command  
  136  14:47  SCV  
  136  14:50  Marauder x2  
  143  14:53  Marine  
  143  14:55  Marine  
  137  15:04  Marine x2  
  137  15:05  SCV  
  134  15:07  Marauder  
  134  15:11  Marine, Marauder x2  
  141  15:17  Marine  
  142  15:22  Marine x2  
  142  15:25  Widow Mine  
  142  15:26  Medivac  
  142  15:28  SCV x2  
  148  15:29  Marine, Marauder  
  148  15:32  Marauder  
  142  15:40  Marine, Marauder  
  142  15:41  Marine x2  
  132  15:47  Marine, SCV x3  
  132  15:48  Widow Mine  
  132  15:49  Medivac  
  138  15:50  Marauder  
  138  15:54  Marauder  
  144  15:58  Marine  
  144  16:00  Missile Turret  
Tags
 
Add a new tag
Caveats
  • Supply blocks, unpowered buildings, or Contaminate may cause inaccurate times.
  • Supply counts are checked every 10 seconds.